 Dungeon Crawl Stone Soup version 0.32-a0-656-g3542139ebd (webtiles) character file.

Game seed: 6251957215066170740

23 kae the Slasher (level 2, -4/21 (22) HPs)
             Began as a Coglin Gladiator on Mar 8, 2024.
             Slain by an orc
             ... wielding a +1 heavy war axe
              (16 damage)
             ... on level 2 of the Dungeon.
             The game lasted 00:00:26 (885 turns).

kae the Slasher (Coglin Gladiator)                   Turns: 885, Time: 00:00:27

HP:   -4/21 (22)    AC:  4    Str: 14    XL:     2   Next: 95%
MP:   2/2           EV: 12    Int:  7    God:
Gold: 28            SH:  0    Dex: 15    Spells: 1/1 levels left

rFire   . . .        a - +0 long sword {Lucía}
rCold   . . .        f - +0 dagger {Hwan}
rNeg    . . .        b - +0 leather armour
rPois   .            c - +0 helmet
rElec   .            (no cloak)
rCorr   .            (no gloves)
SInv    .            (no boots)
Will    .....        (amulet unavailable)
Stlth   +            (ring unavailable)
HPRegen 0.23/turn    (ring unavailable)
MPRegen 0.08/turn    (no gizmo)

%: no passive effects
@: lightly drained, revved
A: off-hand wielding, slow wielding, warmup strikes, no jewellery
a: Invent Gizmo


You were on level 2 of the Dungeon.
You visited 1 branch of the dungeon, and saw 2 of its levels.

You collected 28 gold pieces.


Innate Abilities, Weirdness & Mutations

You can wield a second weapon in your off-hand.
It takes a long time for you to wield or remove held weapons.
Your first few attacks do less damage.
You cannot equip rings or amulets.


   Skills:
 - Level 2.0 Fighting
 + Level 4.0 Long Blades
 - Level 1.7 Throwing
 - Level 2.6 Dodging


You had one spell level left.
You didn't know any spells.
Your spell library was empty.

Inventory:

Hand Weapons
 a - a +0 long sword (weapon) {Lucía}
 f - a +0 dagger (offhand) {Hwan}
Missiles
 d - 3 throwing nets (quivered) {=f!f}
 e - a javelin
 g - 8 stones
Armour
 b - a +0 leather armour (worn)
 c - a +0 helmet (worn)
Jewellery
 i - a ring of willpower
   (You found it on level 1 of the Dungeon)
 P - a ring of poison resistance
   (You found it on level 1 of the Dungeon)
Potions
 h - a potion of resistance

Dungeon Overview and Level Annotations

Branches:
Dungeon (2/15) Zot: 11111

Altars:

#.# #.# .#
#.# .#
#.######.# .#
.........#
.##
########.# ..
# #.# .#.#
#.####...#...
#...@oooo.o..
#.#.##.......
#.#.# .⌠.....
#.#.# .......
#.#.# .......
#.... ...#...
#.... ...##..
...## ..#. #.


You could see 5 orcs.


Message History

Your hp is fully restored (22).
A goblin is nearby!
The goblin hits you but does no damage.
You hit the goblin with your +0 dagger.
You kill the goblin!
Found a stone staircase leading down.
No target in view!
No target in view!
j - a scroll labelled HOME LEGHIJ Key pressed, stopping explore.
No target in view!
No target in view!
You now have 28 gold pieces (gained 12).
Key pressed, stopping explore.
No target in view!
No target in view!
Key pressed, stopping explore.
No target in view!
No target in view!
You see here a ball python corpse.
Key pressed, stopping explore.
No target in view!
No target in view!
Key pressed, stopping explore.
No target in view!
No target in view!
Done exploring.
No target in view!
No target in view!
Done exploring.
Done exploring.
No target in view!
No target in view!
Done exploring.
No target in view!
No target in view!
Done exploring.
As you read the scroll labelled HOME LEGHIJ, it crumbles to dust.
It is a scroll of identify.
h - a potion of resistance You can't wear jewellery.
Unknown command.
Your library has no spells.
Unknown command.
You see here a +0 scale mail.
There is a stone staircase leading down here.
You climb downwards.
There is a stone staircase leading up here.
Key pressed, stopping travel.
A goblin comes into view. It is wielding a +2 dagger of draining.
The goblin shouts!
You hear a shout!
An orc comes into view. It is wielding a +0 club.
The orc shouts!
The goblin misses you.
An orc comes into view. It is wielding a +1 heavy war axe.
There are monsters nearby!
There are monsters nearby!
You hit the goblin with your +0 long sword.
You hit the goblin with your +0 dagger.
The goblin hits you with a +2 dagger of draining.
You feel drained.
You closely miss the goblin with your +0 long sword.
You hit the goblin with your +0 dagger.
You kill the goblin!
An orc comes into view. It is wielding a +0 flail.
Your Long Blades skill increases to level 4! 😎 HP[-1]
You now have 21 max hp (-1).
Things that are here:
a +2 dagger of draining; a goblin corpse 2 orcs come into view.
An orc is wielding a +2 short sword of draining.
The orc shouts! x2
The orc hits you with a +1 heavy war axe!
The orc barely misses you. 😮 HP[-10]
You take 10 damage, and now have 11/21 hp.
MASSIVE DAMAGE!! (PAUSE)
Things that are here:
a +2 dagger of draining; a goblin corpse
Okay, then.
You aren't carrying any scrolls.
Unknown command.
You barely miss the orc with your +0 long sword.
The orc shouts!
You hit the orc with your +0 dagger. The orc closely misses you.
You hit the orc but do no damage.
You closely miss the orc with your +0 long sword.
The orc hits you but does no damage.
An orc comes into view. It is wielding a +0 club.
You hit the orc with your +0 dagger.
You slash the orc with your +0 long sword!
You kill the orc!
Unknown command. 😮 HP[+1]
You barely miss the orc with your +0 long sword.
You hit the orc but do no damage.
The orc hits you with a +1 heavy war axe!
Ouch! That really hurt!
You die...

Skill      XL: |  1  2 |
---------------+-------+-----
Long Blades    | 4 |  4.0
Fighting       | |  2.0
Throwing       | |  1.7
Dodging        | |  2.6

Action                     || total
---------------------------++-------
  Melee: Long sword        ||    37
         Dagger            ||    33
    Use: Scroll            ||     1
   Stab: Sleeping          ||     2
 Armour: Leather armour    ||    21
  Dodge: Dodged            ||    27

Levels and vault maps discovered:
D:1:      dpeg_arrival_lava_temple_mockup, layout_loops_ring,
          chequers_serial_rivers_micro_e, corner_web_ring
D:2:      layout_loops_ring, hellmonk_ecumenical_altar_defaced_shrine,
          uniq_terence, uniq_robin

Notes
Turn   | Place    | Note
-------+----------+-------------------------------------------
     0 | D:1      | kae the Coglin Gladiator began the quest for the Orb.
     0 | D:1      | Reached XP level 1. HP: 16/16 MP: 1/1
     0 | D:1      | magus.rc [v1.11.3]
   207 | D:1      | Reached XP level 2. HP: 22/22 MP: 2/2
   879 | D:2      | Reached skill level 4 in Long Blades
   885 | D:2      | Slain by an orc

Vanquished Creatures
  A dart slug (D:1)
  An orc (D:2)
  4 ball pythons (D:1)
  A giant cockroach (D:1)
  4 goblins
  2 kobolds (D:1)
  A quokka (D:1)
  2 bats (D:1)
  A frilled lizard (D:1)
  A rat (D:1)
18 creatures vanquished.

Table legend:
 A = Non-vault XP
 B = Vault XP
 C = Vault XP percentage of total XP
 D = Non-vault monster count
 E = Vault monster count
 F = Vault count percentage of total count
                 A         B        C        D         E       F
            +---------+---------+-------+---------+---------+-------
      Total |      30 |       3 |   9.1 |      17 |       1 |   5.6
            +---------+---------+-------+---------+---------+-------
        D:1 |      28 |       0 |   0.0 |      16 |       0 |   0.0
        D:2 |       2 |       3 |  60.0 |       1 |       1 |  50.0
            +---------+---------+-------+---------+---------+-------

Skill      XL: |  1  2 |
---------------+-------+-----
Long Blades    | 4 |  4.0
Fighting       | |  2.0
Throwing       | |  1.7
Dodging        | |  2.6

Action                     || total
---------------------------++-------
  Melee: Long sword        ||    37
         Dagger            ||    33
    Use: Scroll            ||     1
   Stab: Sleeping          ||     2
 Armour: Leather armour    ||    21
  Dodge: Dodged            ||    27

Illustrated notes

Table legend:
 A = Kills in this place as a percentage of kills in the entire game.
 B = Kills by you in this place as a percentage of kills by you in the entire game.
 C = Kills by friends in this place as a percentage of kills by friends in the entire game.
 D = Other kills in this place as a percentage of other kills in the entire game.
 E = Experience gained in this place as a percentage of experience gained in the entire game.
 F = Experience gained in this place divided by the number of levels of this place that you have seen.
                   A       B       C       D       E      F
               +-------+-------+-------+-------+-------+----------------------
         Total | 100.0 | 100.0 |   N/A |   N/A | 100.0 |  16.5
       Dungeon | 100.0 | 100.0 |   N/A |   N/A | 100.0 |  16.5
               +-------+-------+-------+-------+-------+----------------------

Table legend: (Time is in decaauts)
 A = Elapsed time spent in this place.
 B = Non-inter-level travel time spent in this place.
 C = Inter-level travel time spent in this place.
 D = Time resting spent in this place.
 E = Time spent auto-exploring this place.
 F = Levels seen in this place.
 G = Mean time per level.
                   A        B        C        D        E       F      G
               +--------+--------+--------+--------+--------+-----+--------+
         Total |    887 |    807 |     80 |      0 |    690 |   2 |  443.5 |
       Dungeon |    887 |    807 |     80 |      0 |    690 |   2 |  443.5 |
               +--------+--------+--------+--------+--------+-----+--------+

Top non-repeatable levels by time:
     D:1: 861 daAuts
     D:2: 26 daAuts
